 Dungeon Crawl Stone Soup version 0.18.1-50-g88ac8fd (webtiles) character file.

196 hrelias the Ducker (level 5, 0/46 HPs)
             Began as a Draconian Berserker on Oct 18, 2016.
             Was a Believer of Trog.
             Succumbed to a worker ant's poison
             ... on level 4 of the Dungeon.
             The game lasted 00:08:39 (2719 turns).

hrelias the Ducker (Draconian Berserker)            Turns: 2719, Time: 00:08:40

Health: 0/46       AC:  5    Str: 20    XL:     5   Next: 46%
Magic:  5/5        EV: 13    Int:  8    God:    Trog [**....]
Gold:   65         SH:  0    Dex: 10    Spells: 0 memorised, 4 levels left

rFire  . . .     SeeInvis .     a - +0 mace
rCold  . . .     Gourm    .     (armour unavailable)
rNeg   . . .     Faith    .     (no shield)
rPois  .         Spirit   .     (helmet restricted)
rElec  .         Dismiss  .     (no cloak)
rCorr  .         Reflect  .     (no gloves)
SustAt .         Harm     .     (no boots)
MR     .....                    (no amulet)
Stlth  +.........               (no ring)
                                (no ring)

@: lethally poisoned (0 -> -5), not resistant to hostile enchantments, very
unstealthy
A: unfitting armour, cold-blooded, AC +5
a: Berserk, Trog's Hand, Burn Spellbooks, Renounce Religion


You were on level 4 of the Dungeon.
You worshipped Trog.
Trog was pleased with you.
You were not hungry.

You visited 1 branch of the dungeon, and saw 4 of its levels.

You collected 65 gold pieces.

Inventory:

Hand Weapons
 a - a +0 mace (weapon)
Jewellery
 g - an uncursed ring of positive energy {unknown}
Scrolls
 c - a scroll of teleportation {unknown}
 e - 3 scrolls of identify {unknown}
 f - 2 scrolls of blinking {unknown}
 j - 2 scrolls of recharging {unknown}
 m - a scroll of amnesia {unknown}
 n - a scroll of immolation {unknown}
 p - a scroll of fear {unknown}
Potions
 d - a potion of might {unknown}
 i - a potion of curing {unknown}
 o - a potion of heal wounds {unknown}
 q - a potion of degeneration {unknown}
 s - a potion of flight {unknown}
Books
 r - a book of Annihilations

   Spells                             Type                      Level
   a - Poison Arrow                   Conjuration/Poison           6
   b - Chain Lightning                Conjuration/Air              8
   c - Lehudib's Crystal Spear        Conjuration/Earth            8
   d - Glaciate                       Conjuration/Ice              9
   e - Fire Storm                     Conjuration/Fire             9
   Trog disapproves of the use of such an item.
Comestibles
 b - 3 bread rations
 h - 4 fruits
 k - 2 beef jerkies
 l - a meat ration
 t - a chunk of flesh


   Skills:
 + Level 4.0 Fighting
 + Level 4.2 Maces & Flails
 + Level 4.4 Dodging
 + Level 0.4 Stealth


You had 4 spell levels left.
You didn't know any spells.

Dungeon Overview and Level Annotations

Branches:
Dungeon (4/15)
 Temple: D:4-7

Altars:
Elyvilon
Kikubaaqudgha
Okawaru
Qazlal


Innate Abilities, Weirdness & Mutations

Your plain brown scales are hard (AC +5).
Your body does not fit into most forms of armour.
You are cold-blooded and may be slowed by cold attacks.


Message History

You hit the worker ant but do no damage.
The worker ant is heavily wounded.
The worker ant closely misses you.
You hit the worker ant.
The worker ant is heavily wounded.
The worker ant bites you but does no damage.
The worker ant barely misses you.
You hit the worker ant but do no damage.
The worker ant is heavily wounded.
The worker ant bites you.
* * * LOW HITPOINT WARNING * * *
You are poisoned.
The worker ant poisons you!
You hit the worker ant.
The worker ant is severely wounded.
You feel sick. The worker ant misses you. The worker ant bites you!
* * * LOW HITPOINT WARNING * * *
You hit the worker ant but do no damage.
The worker ant is severely wounded.
You die...

####### #.. ..# ###
######.###.# ..
#..........#.##### #.
......##..# ....###.
#.#####...#..#####.....
.#......................
..>....@a###########....
.#..#.......... #....
#.......#####. #....
#......## ##### #.##.#.#
..... ... ..#.. .##. .#
##.#.. #. ..#.. # #.
#.##.


You could see a worker ant.

Vanquished Creatures
  An orc priest (D:3)
  An iguana (D:4)
  A worker ant (D:4)
  5 adders (D:2)
  An ooze (D:2)
  3 worms
  A dart slug (D:2)
  3 giant geckos
  2 orcs (D:3)
  A ball python (D:2)
  3 giant cockroaches (D:3)
  A goblin (D:2)
  7 hobgoblins
  6 jackals
  6 bats
  4 giant newts
  5 kobolds
  9 rats
60 creatures vanquished.

Notes
Turn   | Place    | Note
--------------------------------------------------------------
     0 | D:1      | hrelias the Draconian Berserker began the quest for the Orb.
     0 | D:1      | Reached XP level 1. HP: 19/19 MP: 1/1
   151 | D:1      | Reached XP level 2. HP: 15/26 MP: 2/2
   683 | D:2      | Reached XP level 3. HP: 30/31 MP: 3/3
  1075 | D:2      | Found an ancient bone altar of Kikubaaqudgha.
  1080 | D:2      | Reached XP level 4. HP: 35/40 MP: 4/4
  1434 | D:3      | Reached ** piety under Trog
  1473 | D:3      | Found a white marble altar of Elyvilon.
  1804 | D:3      | Found an iron altar of Okawaru.
  2036 | D:3      | Found a stormy altar of Qazlal.
  2086 | D:3      | Reached XP level 5. HP: 42/46 MP: 5/5
  2153 | D:3      | Found a faded altar to an unknown god.
  2718 | D:4      | HP: 1/46 [worker ant (8)]
  2719 | D:4      | Succumbed to a worker ant's poison

Skill      XL: |  1  2  3  4  5 |
---------------+----------------+-----
Dodging        | 3 4 |  4.4
Maces & Flails | 4 |  4.2
Fighting       | 4 |  4.0
Stealth        | |  0.4

Action                   |  1- 3 |  4- 6 || total
-------------------------+-------+-------++-------
Melee: Mace              |    85 |   127 ||   212
       Tailslap          |    11 |    19 ||    30
 Stab: Sleeping          |     1 |       ||     1
  Eat: Chunk             |     1 |     1 ||     2
       Bread ration      |       |     1 ||     1
Armor: Skin              |    28 |    52 ||    80
Dodge: Dodged            |    74 |   137 ||   211
